Map: Dusk Towers

Players

MajishanGaru

  • Race: Terran Terran
  • League: Master

Pokebunny - Winner!

  • Race: Terran Terran
  • League: Grandmaster

VOD

Have the link to the VOD?

Description

Time

  • Played on: April 5, 2016, 9:06 p.m.
  • Length: 13:12
Show
View Real Time Build Order
Export as new Build Order

MajishanGaru Terran 

Build Orders: 1/1/1 

Get SALT Encoding   

  12  0:00  SCV  
  13  0:13  SCV  
  14  0:17  Supply Depot  
  14  0:25  SCV  
  15  0:30  Refinery  
  15  0:38  SCV  
  16  0:44  Barracks  
  16  0:53  SCV  
  17  1:05  SCV  
  18  1:17  SCV  
  19  1:31  Orbital Command, Marine  
  20  1:34  Factory  
  20  1:49  Marine, Supply Depot  
  21  1:58  SCV  
  22  2:07  Marine  
  23  2:13  Supply Depot  
  23  2:16  SCV  
  23  2:18  Hellion  
  23  2:19  Starport  
  26  2:25  Marine  
  27  2:38  SCV  
  27  2:39  Hellion  
  30  2:44  Supply Depot, Marine  
  31  3:02  SCV  
  31  3:03  Hellion, Medivac  
  36  3:13  Refinery, Barracks Reactor  
  36  3:17  Command Center  
  36  3:28  Factory Tech Lab  
  36  3:31  SCV  
  37  3:42  Engineering Bay  
  37  3:43  Supply Depot, SCV  
  37  4:09  SCV  
  38  4:13  Command Center  
  38  4:16  Barracks  
  37  4:19  Barracks Tech Lab  
  37  4:21  SCV  
  37  4:23  Cloaking Field  
  35  4:30  Orbital Command  
  35  4:36  Terran Infantry Weapons Level 1  
  35  4:47  Banshee  
  35  4:48  SCV  
  35  4:52  Stimpack  
  39  4:56  Marine  
  39  4:58  SCV  
  41  5:01  SCV  
  42  5:11  SCV  
  42  5:13  Marine x2  
  45  5:14  Marine  
  45  5:17  SCV  
  47  5:23  Starport, SCV  
  48  5:29  Banshee  
  48  5:31  Orbital Command  
  51  5:38  Marine x2  
  51  5:39  Marine  
  51  5:40  SCV x2  
  56  5:43  Refinery  
  56  5:44  Refinery  
  53  5:58  SCV x2  
  53  5:59  SCV  
  53  6:02  Factory Tech Lab  
  53  6:04  Starport Reactor  
  56  6:05  Marine x3  
  56  6:10  SCV x2  
  61  6:13  SCV  
  61  6:15  Armory  
  61  6:16  Engineering Bay  
  61  6:17  Missile Turret  
  62  6:20  Missile Turret  
  62  6:22  Marine, SCV  
  62  6:23  Missile Turret  
  64  6:27  Marine x2  
  64  6:31  Siege Tank  
  70  6:40  Marine, SCV x2  
  70  6:42  Barracks  
  72  6:56  Marine  
  65  7:07  Medivac x2  
  65  7:08  Orbital Command, Marine x2  
  66  7:10  Terran Infantry Weapons Level 2, Terran Infantry Armor Level 1  
  66  7:11  SCV x2  
  66  7:14  Supply Depot  
  66  7:15  Supply Depot  
  70  7:16  Supply Depot  
  70  7:22  Siege Tank  
  73  7:23  SCV x2  
  73  7:28  Marine x2  
  73  7:29  Marine  
  79  7:30  Barracks Reactor  
  79  7:34  Refinery, SCV  
  79  7:36  Refinery  
  79  7:40  SCV x2  
  81  7:45  Marine  
  81  7:46  Terran Vehicle Weapons Level 1, SCV  
  81  7:50  Marine x2  
  85  7:55  Siege Tank  
  81  8:03  Marine  
  70  8:08  Marine x4  
  67  8:21  Marine  
  67  8:26  Viking x2, Marine x2  
  75  8:27  Siege Tank  
  71  8:35  Orbital Command  
  71  8:37  Barracks  
  71  8:38  Barracks  
  71  8:39  Marine  
  72  8:44  Marine  
  49  8:57  Marine  
  49  8:59  Siege Tank  
  49  9:02  Marine  
  49  9:09  Terran Infantry Armor Level 2  
  49  9:10  SCV x3  
  49  9:14  Marine  
  53  9:19  Barracks x2, Marine  
  53  9:22  SCV x3  
  53  9:23  Sensor Tower  
  57  9:27  Medivac x2  
  61  9:31  Banshee  
  61  9:32  Siege Tank, Marine  
  61  9:34  Barracks Reactor  
  61  9:36  Barracks Tech Lab  
  61  9:37  Marine  
  69  9:50  Marine  
  70  9:55  Marine  
  70  9:57  Medivac  
  73  10:02  Supply Depot  
  73  10:03  Marine  
  73  10:05  Supply Depot  
  72  10:08  Marine  
  72  10:13  Siege Tank, Marine  
  75  10:21  Marine  
  73  10:25  Viking  
  73  10:26  Marine  
  73  10:31  Marine  
  67  10:39  Marine  
  62  10:46  Marine x2  
  62  10:47  Banshee, Marine x2  
  69  10:51  SCV  
  69  10:54  Marine  
  71  10:59  Marine  
  72  11:04  Marine x4  
  72  11:07  Factory Tech Lab  
  74  11:12  Marine  
  74  11:13  SCV x2  
  74  11:14  SCV  
  74  11:17  Marine  
  79  11:19  Supply Depot  
  79  11:20  Supply Depot  
  79  11:22  Marine x4  
  80  11:30  Marine  
  80  11:31  Orbital Command  
  77  11:34  Marine  
  77  11:37  SCV x2  
  80  11:40  Siege Tank, Marine x4  
  87  11:48  Marine  
  87  11:50  SCV  
  87  11:52  Marine  
  90  11:57  Marine  
  90  11:58  Marine x2  
  90  12:02  Marine  
  90  12:06  Marine  
  92  12:10  Marine  
  92  12:14  Refinery  
  93  12:15  Marine x2  
  83  12:29  Marine x3  
  83  12:30  Marine  
  83  12:32  Siege Tank  
  83  12:33  Marine x2, Medivac  
  88  12:47  Marine x3  
  88  12:48  Marine  
  88  12:51  Marine x2  
Show
View Real Time Build Order
Export as new Build Order

Pokebunny Terran - Winner!

Build Orders: Reaper Expand, Bio Tank 

Get SALT Encoding   

  12  0:00  SCV  
  13  0:13  SCV  
  14  0:19  Supply Depot  
  14  0:25  SCV  
  15  0:41  Barracks, SCV  
  16  0:45  Refinery  
  16  0:53  SCV  
  17  1:05  SCV  
  19  1:18  SCV  
  19  1:28  Reaper  
  19  1:30  Orbital Command  
  20  1:40  Command Center  
  20  1:47  Supply Depot  
  20  1:56  SCV  
  20  2:00  Marine  
  22  2:06  Factory  
  22  2:09  SCV  
  22  2:13  Refinery  
  23  2:18  Marine  
  23  2:21  SCV  
  25  2:34  SCV  
  25  2:36  Marine  
  27  2:46  SCV  
  27  2:50  Widow Mine  
  30  2:51  Starport  
  30  2:54  Orbital Command, Marine  
  31  2:58  SCV  
  31  3:11  Barracks, SCV  
  32  3:13  Barracks Tech Lab  
  32  3:20  Factory Tech Lab  
  32  3:24  Engineering Bay, SCV x2  
  34  3:30  Viking  
  34  3:34  Stimpack  
  36  3:38  SCV x2  
  36  3:41  Marine  
  37  3:54  Siege Tank  
  39  3:58  Supply Depot  
  39  3:59  SCV x2  
  39  4:01  Barracks Reactor  
  35  4:21  SCV x2  
  37  4:24  Barracks Reactor, Marine  
  37  4:30  Siege Tank  
  41  4:35  SCV x2  
  43  4:39  Supply Depot  
  43  4:42  Marine  
  43  4:45  Missile Turret  
  44  4:47  Starport Reactor  
  44  4:53  SCV x2  
  44  4:55  Missile Turret  
  46  5:01  Marine x3  
  46  5:05  Barracks  
  46  5:06  SCV x2  
  51  5:17  Siege Tank  
  51  5:18  Terran Infantry Weapons Level 1  
  51  5:20  Refinery  
  51  5:21  SCV  
  55  5:22  SCV  
  55  5:24  Refinery  
  55  5:28  Supply Depot  
  56  5:30  Marine  
  56  5:31  Marine x2  
  59  5:36  Combat Shields  
  59  5:38  SCV  
  59  5:39  SCV  
  55  6:02  SCV x2  
  55  6:04  Siege Tank, Marine x3, Barracks Reactor  
  63  6:15  SCV x2  
  65  6:21  Supply Depot, Medivac  
  65  6:22  Supply Depot  
  65  6:24  Marine  
  65  6:25  Marine  
  67  6:35  Marine  
  67  6:36  Medivac  
  67  6:38  SCV  
  70  6:41  Supply Depot  
  70  6:42  SCV  
  70  6:46  Marine x3  
  74  6:47  Marine  
  74  6:58  SCV  
  74  6:59  Marine, SCV  
  75  7:04  Marine x2  
  76  7:08  Siege Tank  
  76  7:12  Medivac  
  81  7:15  Medivac  
  81  7:21  SCV x2  
  85  7:23  Terran Infantry Armor Level 1  
  85  7:39  Command Center  
  85  8:07  Marine x5  
  88  8:20  Siege Tank  
  88  8:24  Medivac  
  88  8:25  Barracks  
  88  8:27  Barracks  
  93  8:32  SCV  
  94  8:43  Marine x3, Medivac  
  94  8:47  Marine x2  
  94  8:50  SCV x2  
  94  8:51  Supply Depot  
  94  8:54  Medivac  
  87  8:59  SCV  
  87  9:02  Marine x2, SCV x2  
  83  9:03  Marine  
  84  9:11  Marine x2  
  84  9:14  SCV x2  
  88  9:17  Armory, Engineering Bay  
  88  9:20  Barracks Reactor x2  
  88  9:26  Orbital Command  
  91  9:38  Siege Tank  
  90  9:56  Marine x4  
  90  9:57  Marine x2  
  96  10:00  SCV x3  
  99  10:10  Siege Tank  
  97  10:22  Marine x3  
  97  10:23  Marine x4  
  97  10:24  Terran Infantry Weapons Level 2, Terran Infantry Armor Level 2  
  97  10:27  Medivac x2  
  105  10:32  Supply Depot  
  98  10:45  Siege Tank, Marine x7  
  98  10:49  SCV  
  110  10:50  SCV x2  
  111  10:57  Missile Turret  
  111  11:00  Missile Turret  
  111  11:06  Viking x2  
  107  11:29  Marine x2  
  107  11:30  Marine x6  
  107  11:32  Siege Tank  
  98  11:36  Viking x2  
  102  11:47  Missile Turret  
  102  11:49  Command Center, Missile Turret  
  102  11:52  Missile Turret  
  102  11:53  Missile Turret  
  102  11:58  SCV x3  
  105  12:08  Siege Tank  
  100  12:27  Marine  
  100  12:28  Marine x2  
  102  12:44  Marine x5  
  106  12:51  Barracks, Factory  
  106  12:52  Barracks  
  106  12:53  Barracks  
  106  12:58  Barracks Reactor  
Tags
 
Add a new tag
Caveats
  • Supply blocks, unpowered buildings, or Contaminate may cause inaccurate times.
  • Supply counts are checked every 10 seconds.